 Dungeon Crawl Stone Soup version 0.32-a0-747-gc8563f6773 (webtiles) character file.

Game seed: 3028124203151764481

1975765 gimp the Acrobat (level 26, 219/219 HPs)
             Began as a Coglin Hunter on Mar 18, 2024.
             Was the Champion of Okawaru.
             Escaped with the Orb
             ... and 3 runes
             ... and 1 gem!
             The game lasted 02:21:15 (53259 turns).

gimp the Acrobat (Coglin Hunter)                   Turns: 53259, Time: 02:21:16

Health: 219/219    AC: 18    Str: 11    XL:     26   Next: 59%
Magic:  31/31      EV: 38    Int:  8    God:    Okawaru [******]
Gold:   4046       SH:  0    Dex: 29    Spells: 15/25 levels left

rFire   + + .        I - +4 hand cannon "Goffi" {penet, rN+}
rCold   + + .        k - +9 hand cannon (elec) {Balvinder}
rNeg    + . .        F - +3 leather armour of the Baku {rF+}
rPois   +            V - +1 helmet of Boredom {rPois Regen+}
rElec   +            w - +2 cloak {rCorr}
rCorr   +            T - +0 pair of gloves of Recklessness {*Slow rC++ Slay+3 SInv}
SInv    +            J - +2 pair of boots {Fly}
Will    +....        (amulet unavailable)
Stlth   +            (ring unavailable)
HPRegen 2.16/turn    (ring unavailable)
MPRegen 0.62/turn    K - experimental subsystem {rElec rF+ Regen+ RegenMP+}

%: slow self (1%)
@: flying, studying 2 skills
A: off-hand wielding, slow wielding, warmup strikes, no jewellery, dopey 1
0: Orb of Zot
}: 3/15 runes: barnacled, slimy, gossamer
a: Renounce Religion, Heroism, Finesse, Duel


You escaped.
You worshipped Okawaru.
Okawaru was exalted by your worship.
You visited 11 branches of the dungeon, and saw 52 of its levels.
You also visited: Gauntlet, Ice Cave and Wizlab.

You collected 6173 gold pieces.
You spent 2127 gold pieces at shops.

Inventory:

Hand Weapons
 k - a +9 hand cannon of electrocution (offhand) {Balvinder}
 I - the +4 hand cannon "Goffi" (weapon) {penet, rN+}
   (Okawaru gifted it to you on level 5 of the Lair of Beasts)

   rN+:       It protects you from negative energy.
Missiles
 e - 8 curare-tipped darts
 g - 8 throwing nets
Armour
 c - a +3 leather armour of willpower
 t - a +2 pair of gloves
 w - a +2 cloak of preservation (worn)
 F - the +3 leather armour of the Baku (worn) {rF+}
   (You found it on level 2 of the Shoals)

   rF+:       It protects you from fire.
 J - a +2 pair of boots of flying (worn)
 S - +0 acid dragon scales
 T - the +0 pair of gloves of Recklessness (worn) {*Slow rC++ Slay+3 SInv}
   (You found it in an ice cave)

   Slay+3:    It affects your accuracy & damage with ranged weapons and melee
   (+3).
   rC++:      It greatly protects you from cold.
   SInv:      It lets you see invisible.
   *Slow:     It may slow you when you take damage.
 V - the +1 helmet of Boredom (worn) {rPois Regen+}
   (You found it in an ice cave)

   rPois:     It protects you from poison.
   Regen+:    It increases your rate of health regeneration.
Gizmo
 K - an experimental subsystem (installed) {rElec rF+ Regen+ RegenMP+}
   (You invented it yourself on level 5 of the Lair of Beasts)

   [experimental subsystem]

   rF+:       It protects you from fire.
   rElec:     It insulates you from electricity.
   Regen+:    It increases your rate of health regeneration.
   RegenMP+:  It increases your rate of magic regeneration.
Wands
 d - a wand of iceblast (63)
 p - a wand of mindburst (47)
 x - a wand of digging (11)
 y - a wand of paralysis (52)
 E - a wand of flame (73)
 H - a wand of quicksilver (26)
 Q - a wand of polymorph (32)
Scrolls
 f - 9 scrolls of poison
 h - 4 scrolls of vulnerability
 i - 5 scrolls of immolation
 n - 2 scrolls of torment
 q - 2 scrolls of silence
 s - 11 scrolls of teleportation
 C - 10 scrolls of fog
 L - 3 scrolls of fear
 M - 3 scrolls of enchant weapon
 O - 3 scrolls of enchant armour
 U - 2 scrolls of brand weapon
 W - 4 scrolls of noise
Potions
 a - 3 potions of attraction
 b - 5 potions of enlightenment
 j - 16 potions of curing
 m - 4 potions of haste
 o - 5 potions of might
 r - 13 potions of mutation
 u - 4 potions of resistance
 v - 6 potions of lignification
 z - 10 potions of cancellation
 A - 7 potions of heal wounds
 B - 7 potions of ambrosia
 G - 7 potions of magic
 X - 2 potions of invisibility
Miscellaneous
 l - a phantom mirror
 P - a phial of floods
 R - a lightning rod (4/4)


   Skills:
 + Level 20.4 Fighting
 - Level 18.0 Ranged Weapons
 + Level 12.4 Armour
 * Level 25.5 Dodging
 - Level 0.7 Stealth
 + Level 9.6 Hexes
 - Level 12.0 Translocations
 - Level 11.6 Invocations
 - Level 11.0 Evocations


You had 15 spell levels left.
You knew the following spells:

 Your Spells              Type           Power      Damage    Failure   Level
a - Blink                 Tloc           38%        N/A       1%          2
b - Passage of Golubria   Tloc           19%        N/A       3%          4
c - Dimensional Bullseye  Hex/Tloc       8%         N/A       6%          4

Your spell library contained the following spells:

 Spells                   Type           Power      Damage    Failure   Level
 Apportation              Tloc           38%        N/A       1%          1
 Slow                     Hex            60%        N/A       1%          1
 Lesser Beckoning         Tloc           38%        N/A       1%          2
 Gell's Gravitas          Tloc           19%        N/A       1%          3
 Teleport Other           Tloc           19%        N/A       1%          3
 Confusing Touch          Hex            15%        N/A       3%          3
 Manifold Assault         Tloc           19%        N/A       3%          4
 Ensorcelled Hibernation  Hex/Ice        14%        N/A       11%         2
 Volatile Blastmotes      Fire/Tloc      18%        2d11      14%         3
 Iskenderun's Mystic Bla  Conj/Tloc      9%         2d4       41%         4
 Vhi's Electric Charge    Tloc/Air       18%        N/A       41%         4
 Foxfire                  Conj/Fire      0%         2x1d4     47%         1
 Kiss of Death            Conj/Necr      0%         2d5       47%         1
 Magic Dart               Conj           0%         1d3       47%         1
 Necrotise                Necr           0%         1d4       47%         1
 Sting                    Conj/Alch      0%         1d3       47%         1
 Dispersal                Tloc           9%         N/A       52%         6
 Cigotuvi's Dreadful Rot  Necr/Alch/Air  0%         N/A       63%         2
 Mercury Vapours          Alch/Air       0%         N/A       63%         2
 Searing Ray              Conj           0%         2d4       63%         2
 Fugue of the Fallen      Necr           0%         N/A       85%         3
 Ozocubu's Armour         Ice            0%         N/A       85%         3
 Passwall                 Erth           0%         N/A       85%         3
 Stone Arrow              Conj/Erth      0%         3d7       85%         3
 Swiftness                Air            0%         N/A       85%         3
 Vampiric Draining        Necr           0%         2d6       85%         3
 Metabolic Englaciation   Hex/Ice        3%         N/A       90%         5
 Silence                  Hex/Air        3%         N/A       90%         5
 Yara's Violent Unravell  Hex/Alch       3%         3d4       90%         5
 Airstrike                Air            0%         2d(0-16)  99%         4
 Brom's Barrelling Bould  Conj/Erth      0%         2d3       99%         4
 Dispel Undead            Necr           0%         3d6       99%         4
 Flame Wave               Conj/Fire      0%         2d4       99%         4
 Fulminant Prism          Conj/Alch      0%         3d5       99%         4
 Ignite Poison            Fire/Alch      0%         N/A       99%         4
 Leda's Liquefaction      Alch/Erth      0%         N/A       99%         4
 Olgreb's Toxic Radiance  Alch           0%         N/A       99%         4
 Sticky Flame             Fire/Alch      0%         2d4       99%         4
 Alistair's Intoxication  Alch           0%         N/A       100%        5
 Arcjolt                  Conj/Air       0%         1d10      100%        5
 Borgnjor's Vile Clutch   Necr/Erth      0%         N/A       100%        5
 Freezing Cloud           Conj/Ice/Air   0%         6-21      100%        5
 Irradiate                Conj/Alch      0%         3d11      100%        5
 Bombard                  Conj/Erth      0%         9d1       100%        6
 Eringya's Noxious Bog    Alch           0%         4d6       100%        6
 Starburst                Conj/Fire      0%         6d3       100%        6
 Orb of Destruction       Conj           0%         9d5       100%        7
 Ozocubu's Refrigeration  Ice            0%         4d7       100%        7
 Borgnjor's Revivificati  Necr           0%         N/A       100%        8
 Discord                  Hex            7%         N/A       100%        8
 Disjunction              Tloc           9%         N/A       100%        8
 Lehudib's Crystal Spear  Conj/Erth      0%         10d2      100%        8
 Maxwell's Capacitive Co  Air            0%         ∞         100%        8
 Tukima's Dance           Hex            Unusable   N/A       N/A         3
 Summon Small Mammal      Summ           Unusable   N/A       N/A         1
 Call Imp                 Summ           Unusable   N/A       N/A         2
 Animate Dead             Necr           Unusable   N/A       N/A         4
 Summon Blazeheart Golem  Fire/Summ      Unusable   N/A       N/A         4
 Death Channel            Necr           Unusable   N/A       N/A         6
 Spellforged Servitor     Conj/Summ      Unusable   N/A       N/A         7
 Infestation              Necr           Unusable   N/A       N/A         8

Dungeon Overview and Level Annotations

Branches:
Dungeon (15/15)            Temple (1/1) D:6            Lair (5/5) D:11
 Shoals (4/4) Lair:2       Spider (4/4) Lair:3        Slime (5/5) Lair:5
    Orc (2/2) D:10            Elf (3/3) Orc:2        Vaults (4/5) D:14
  Crypt (0/3) Vaults:3     Depths (4/4) D:15            Zot (5/5) Depths:4
  IceCv (visited)          WizLab (visited)         Gauntlet (visited)

Altars:
Ashenzari
Cheibriados
Dithmenos
Elyvilon
Fedhas
Gozag
Hepliaklqana
Kikubaaqudgha
Makhleb
Nemelex Xobeh
Okawaru
Qazlal
Ru
Sif Muna
Trog
Uskayaw
Vehumet
Wu Jian
Xom
Yredelemnul
Zin
The Shining One
Beogh
Jiyva

Shops:
D:15 ?*   Orc:1 =   Orc:2 [(([   Elf:2 *   Elf:3 **   Vaults:4 !

Portals:
Hell: Depths:1 Depths:2 Depths:3 Depths:4
Abyss: Depths:3
Pandemonium: Depths:1 Depths:2
Ziggurat: Depths:4
Trove: D:10 (give +5 demon whip)

Annotations:
D:7 3 runed translucent doors, exclusion: 3 doors, Astinus's ghost, novice MDFi; cojito's ghost, novice CoAr; yoga4dogs's ghost, novice TrBe
Lair:5 2 transporters, Lightli's ghost, journeyman DrFi
Shoals:4 exclusions: 4 doors and 2 more exclusions
Spider:3 3 runed translucent doors, BubbleThief's ghost, adept SpHs
Zot:5 1 exclusion


Innate Abilities, Weirdness & Mutations

You can wield a second weapon in your off-hand.
It takes a long time for you to wield or remove held weapons.
Your first few attacks do less damage.
You cannot equip rings or amulets.
You are dopey. (Int -2)


Message History

The slug pierces through the Hell Sentinel!
The Hell Sentinel is almost dead.
You shoot a slug.
The slug hits the Hell Sentinel but does no damage.
The Hell Sentinel is almost dead.
You are engulfed in dark miasma.
You feel yourself slow down. Wixobebo completely misses you.
Wixobebo barely misses you.
The Hell Sentinel completely misses you. x2
You take 7 damage, and have 159/219 hp.
Blink to where?
Press: ? - help, Dir - move target, p - Hell Sentinel
As you read the scroll of blinking, it crumbles to dust.
You regained 3 hp, and now have 162/219 hp.
You fly upwards.
There is a stone staircase leading down here.
You regained 9 hp, and now have 171/219 hp.
There is an open door here.
There is an open door here.
You feel yourself speed up.
There is an open door here.
There is a stone staircase leading up here.
You regained 45 hp, and now have 216/219 hp.
You start resting.
HP restored.
Health restored: 219 Unknown command.
This staircase leads to a travel-excluded area!
You fly upwards.
Level annotation: Urug Urug shouts!
Urug throws a javelin.
The javelin misses you.
There is a stone staircase leading down here.
You shoot a slug. The slug hits Urug!!
Lightning courses through Urug!
Urug is heavily wounded.
You shoot a slug. The slug pierces through Urug.
Urug is severely wounded.
You shoot a slug. The slug pierces through Urug!
Urug is almost dead.
You shoot a slug. The slug hits Urug!!
Lightning courses through Urug!
You kill Urug!
Okawaru accepts your kill.
No target in view!
Unknown command.
Unknown command.
What level of the Dungeon? (default 11, ? - help)
There is a stone staircase leading down here.
There is a stone staircase leading up here.
You fly upwards.
There is a stone staircase leading down here.
There is a stone staircase leading up here.
You fly upwards.
There is a stone staircase leading down here.
There is a stone staircase leading up here.
You see here 2 scrolls of noise.
You fly upwards.
Level annotation: 3 runed translucent doors, exclusion: 3 doors, Astinus's ghost, novice MDFi; cojito's ghost, novice CoAr; yoga4dogs's ghost, novice TrBe
There is a stone staircase leading down here.
Items here: ))) [[.
There is a stone staircase leading up here.
You fly upwards.
There is a stone staircase leading down here.
A jelly comes into view.
You shoot a slug. The slug hits the jelly!
The jelly is almost dead.
You shoot a slug. The slug pierces through the jelly.
You kill the jelly!
Okawaru accepts your kill.
No target in view!
There is a stone staircase leading up here.
You fly upwards.
There is a stone staircase leading down here.
There is an open door here.
There is a stone staircase leading up here.
You fly upwards.
There is a stone staircase leading down here.
A demonspawn black sun, a lorocyproca and a demonspawn blood saint come into view.
The demonspawn black sun is wielding a +0 great sword of distortion.
Unknown command.
You feel yourself speed up.
The lorocyproca gives a chilling moan.
The demonspawn blood saint shouts!
The demonspawn black sun completely misses you.
There is an open door here.
The demonspawn black sun mumbles some strange prayers to Kikubaaqudgha.
The demonspawn black sun begins absorbing vital energies!
There is a stone staircase leading up here.
You fly upwards.
There is a stone staircase leading down, spattered with blood here.
There is an escape hatch in the ceiling here.
A mysterious force pulls you upwards. The hatch slams shut behind you.
You see here 4 stones.
You see here a +0 sling.
Your extra speed is starting to run out.
Things that are here:
a +0 dagger; a kobold skeleton You feel yourself slow down.
There is a stone staircase leading up here.
You fly upwards.
There is a stone staircase leading down here.
There is a staircase leading out of the dungeon here.
You have escaped!

.......#
##..#.#..######.##.#
########
#...#..##..#.##.##.#
########
##.##.##.##.#.#.##.#
)#.....#
#..#.###..#.#.#.##.###
.#.....#
#..##.###.#.###.##>..#
.......#
#.##.#..#.##.##.##.###
.......#
#...##..##.#..#.##.#
.......#
####.≈..#.#≈#.#.##.#
.......#
####.≈.@#.#≈.##....#
###.#.##
#...######.#.##.##.#
#.#.##
#≈)≈###...###...##.#
#....#
#..≈##.####..#####.#
###..###.>.###..#####
#.# #...##≈≈.# ####
#.# #.#.....## #.#
#.#####.### #.# #.#
#...## #.#


There were no monsters in sight!

Vanquished Creatures
  the Royal Jelly (Slime:5)
  A dread lich (Zot:5)
  2 orbs of fire
  2 ancient liches
  Xtahua (Vaults:4)
  Bai Suzhen (Spider:4)
  Saint Roka (Vaults:2)
  A Killer Klown (Zot:5)
  Margery (Vaults:4)
  A curse toe (Zot:4)
  7 caustic shrikes
  5 golden dragons
  Jory (Depths:3)
  Nikola (Elf:1)
  A bone dragon (Depths:4)
  Arachne (Spider:4)
  A Brimstone Fiend (D:15)
  2 electric golems
  Jorgrun (Elf:2)
  13 tentacled monstrosities
  Rupert (D:13)
  2 deep elf blademasters (Elf:3)
  An Ice Fiend (D:15)
  A walking earthen tome (Depths:4)
  3 liches
  Asterion (Vaults:1)
  21 Orb Guardians
  2 deep elf master archers (Elf:3)
  A quicksilver dragon (Zot:4)
  The ghost of Rallik the Brawler, an adept TrSh of Trog (Elf:2)
  4 titans
  3 krakens
  An Executioner (D:15)
  3 sphinxes
  A walking frostbound tome (Depths:4)
  Frances (Shoals:1)
  Polyphemus (Shoals:4)
  A searing wretch (Arena)
  20 acid blobs
  Agnes (Elf:2)
  2 death cobs
  2 tengu reavers (Depths:4)
  11 storm dragons
  5 shadow dragons
  7 draconian monks
  12 azure jellies
  A fire giant (Depths:3)
  10 rockslimes
  3 draconian knights
  An iron dragon (Depths:2)
  7 vault wardens
  5 deep elf sorcerers
  2 frost giants
  3 balrugs
  4 draconian shifters
  4 deep elf elementalists
  6 draconian scorchers
  4 emperor scorpions
  3 draconian stormcallers
  A spectral juggernaut (Depths:3)
  5 ghost moths
  3 draconian annihilators
  3 broodmothers
  2 formless jellyfish
  9 quicksilver oozes
  A spriggan defender (Depths:1)
  Nessos (D:13)
  A caustic shrike skeleton (Depths:3)
  11 stone giants
  11 ironbound preservers
  4 orc warlords
  6 very ugly things
  2 demonspawn blood saints (Depths:4)
  12 ironbound thunderhulks
  4 dire elephants (Vaults:3)
  6 black draconians
  A minotaur (Gauntlet)
  7 green draconians
  3 vampire knights
  12 spark wasps
  4 yellow draconians
  9 red draconians
  5 white draconians
  9 deep elf demonologists
  A war gargoyle (Vaults:4)
  4 deep elf death magi
  4 deep elf annihilators (Elf:3)
  6 purple draconians
  6 fire dragons
  3 spectral golden dragons (Depths:3)
  8 merfolk impalers
  2 ettins
  3 jiangshi
  14 entropy weavers
  An eidolon (Depths:3)
  8 great orbs of eyes
  4 merfolk javelineers
  3 crystal guardians
  4 yaktaur captains
  2 deep elf high priests
  A spectral shadow dragon (Depths:3)
  A spectral spriggan (Depths:3)
  4 ice dragons
  3 vault guards
  2 caustic shrike simulacra (Depths:3)
  4 hell beasts (Depths:3)
  4 spriggan air magi
  3 rakshasas
  A sphinx zombie (Depths:3)
  3 hydras
  6 centaur warriors
  3 jorogumos
  2 peacekeepers
  Erica (D:9)
  Fannar (D:11)
  6 radroaches
  13 ironbound frosthearts
  12 merfolk aquamancers
  A spectral frost giant (Depths:3)
  3 catoblepae
  31 dancing weapons
  3 merfolk avatars
  2 two-headed ogres (D:12)
  2 juggernaut simulacra (Depths:3)
  14 boulder beetles
  A satyr (Shoals:2)
  15 tengu warriors
  4 deep troll earth magi
  11 deep troll shamans
  10 death yaks
  10 vampire magi
  5 demonic crawlers
  A shock serpent (shapeshifter) (Depths:3)
  16 deep elf knights
  Urug (D:10)
  An occultist (Depths:2)
  5 hell knights
  An orc high priest (Orc:2)
  7 spriggan berserkers
  7 iron trolls
  3 skysharks
  A soul eater (Depths:1)
  6 sun demons
  5 shadow wraiths (Depths:3)
  2 fire crabs (Shoals:1)
  9 pharaoh ants
  8 sea snakes
  11 deep elf archers
  8 glowing orange brains
  7 flayed ghosts
  9 orb spiders
  A shadow demon (Zot:1)
  44 deep trolls
  A deep troll (shapeshifter) (D:13)
  9 arcanists
  10 ironbound convokers
  5 steelbarb worms
  5 sun moths
  3 orange crystal statues (IceCv)
  24 lindwurms
  4 necromancers
  21 deep elf zephyrmancers
  4 phantasmal warriors (Depths:3)
  20 deep elf pyromancers
  25 harpies
  43 ugly things
  14 fauns
  A tengu skeleton (Depths:3)
  11 orc knights
  A frost giant zombie (Depths:3)
  5 orc sorcerers
  21 wolf spiders
  2 oklob plants
  9 manticores
  4 shining eyes
  6 meliai
  20 elephants
  4 cyclopes
  20 moths of wrath
  18 vault sentinels
  12 water nymphs
  6 kobold blastminers
  14 merfolk sirens
  7 black mambas
  2 rust devils
  An eye of devastation (shapeshifter) (Vaults:3)
  A molten gargoyle (Gauntlet)
  A kobold demonologist (D:9)
  4 torpor snails
  A storm dragon simulacrum (Depths:3)
  3 eyes of devastation
  12 cane toads
  3 gargoyles
  An unseen horror (shapeshifter) (D:15)
  A hellion (WizLab)
  An unseen horror (D:11)
  4 rime drakes
  17 yaktaurs
  2 efreet
  5 komodo dragons
  2 freezing wraiths (Depths:3)
  A tormentor (Depths:1)
  6 tengu conjurers
  3 ice devils
  A spark wasp simulacrum (Depths:3)
  4 trolls
  A polar bear (shapeshifter) (D:14)
  A queen bee (D:9)
  28 merfolk
  2 polar bears (Lair:5)
  9 wind drakes
  A hornet (shapeshifter) (Elf:2)
  A glass eye (Slime:5)
  4 hornets
  22 tarantellas
  19 dream sheep
  13 blink frogs
  3 snapping turtles
  4 air elementals
  4 spriggans
  14 culicivoras
  A centaur simulacrum (D:15)
  A spriggan (shapeshifter) (D:14)
  23 jumping spiders
  3 wraiths
  2 shadows
  72 slime creatures
  2 fire bats (Shoals:1)
  4 fire elementals
  A vampire (D:11)
  3 wyverns
  15 golden eyes
  3 basilisks
  25 yaks
  28 water elementals
  44 redbacks
  4 vampire mosquitoes
  A steam dragon (D:9)
  3 wargs
  A swamp worm (shapeshifter) (Depths:2)
  14 water moccasins
  9 acid dragons
  3 great orb of eyes simulacra (IceCv)
  A glowing shapeshifter zombie (Depths:3)
  31 orc warriors
  5 laughing skulls
  3 sky beasts
  6 black bears
  2 boggarts (Elf:1)
  7 ogres
  13 wolves
  12 centaurs
  2 phantoms
  7 slime creature simulacra (IceCv)
  21 bullfrogs
  2 kobold brigands
  5 glowing shapeshifter simulacra (IceCv)
  2 scorpions
  4 earth elementals
  9 wights
  10 killer bees (D:9)
  2 howler monkeys (D:8)
  3 electric eels
  A vampire bat (Lair:1)
  A bombardier beetle (D:4)
  6 jellies
  4 hounds
  42 orc priests
  3 gnoll boudas
  5 iguanas
  39 orc wizards
  5 hell rats (Lair:4)
  31 gnolls
  11 adders
  A shadow imp (D:7)
  8 white imps
  3 ribbon worms
  6 dart slugs
  114 orcs
  7 endoplasms
  6 giant cockroaches
  8 goblins
  11 hobgoblins
  5 jackals
  8 kobolds
  9 quokkas
  11 ball pythons
  14 bats
  3 frilled lizards
  5 rats
  5 tentacles
2079 creatures vanquished.

Vanquished Creatures (others)
  An Orb Guardian (Zot:5)
  A spectral juggernaut (Depths:3)
  A deep elf zephyrmancer (Elf:2)
  An air elemental (Elf:3)
  14 tentacles
18 creatures vanquished.

Grand Total: 2097 creatures vanquished

Notes
Turn   | Place    | Note
-------+----------+-------------------------------------------
     0 | D:1      | gimp the Coglin Hunter began the quest for the Orb.
     0 | D:1      | Reached XP level 1. HP: 16/16 MP: 1/1
    12 | D:1      | You fall into a shaft and drop 1 floor!
    86 | D:2      | Reached skill level 2 in Dodging
    86 | D:2      | Reached XP level 2. HP: 22/22 MP: 2/2
   109 | D:2      | Found a faded altar of an unknown god.
   333 | D:2      | Reached XP level 3. HP: 27/27 MP: 3/3
   952 | D:1      | Reached XP level 4. HP: 33/33 MP: 4/4
  1770 | D:3      | Reached skill level 5 in Ranged Weapons
  1803 | D:3      | Reached skill level 3 in Dodging
  1821 | D:3      | Reached XP level 5. HP: 38/38 MP: 5/5
  2601 | D:4      | Reached XP level 6. HP: 44/44 MP: 6/6
  2602 | D:4      | Identified the +2 scale mail "Nihalemih" {rN+}
  2607 | D:4      | Found a broken altar of Ashenzari.
  3074 | D:4      | Reached skill level 4 in Dodging
  3138 | D:4      | Reached XP level 7. HP: 46/50 MP: 7/7
  3487 | D:5      | Entered Level 5 of the Dungeon
  4029 | D:5      | Reached XP level 8. HP: 46/56 MP: 8/8
  4407 | D:5      | Reached skill level 5 in Dodging
  4721 | D:6      | Found a glowing silver altar of Zin.
  4847 | D:6      | Found a staircase to the Ecumenical Temple.
  4891 | Temple   | Entered the Ecumenical Temple
  4918 | Temple   | Became a worshipper of Warmaster Okawaru
  5169 | D:7      | Reached skill level 1 in Invocations
  5271 | D:6      | Reached skill level 6 in Dodging
  5271 | D:6      | Reached XP level 9. HP: 8/61 MP: 8/10
  5570 | D:7      | Reached * piety under Okawaru
  6433 | D:7      | Found a runed translucent gate.
  6433 | D:7      | Found a runed translucent gate.
  6433 | D:7      | Found a runed translucent gate.
  6437 | D:7      | Noticed yoga4dogs's ghost (novice TrBe)
  6437 | D:7      | Noticed cojito's ghost (novice CoAr)
  6437 | D:7      | Noticed Astinus's ghost (novice MDFi)
  6915 | D:8      | Found a basalt altar of Yredelemnul.
  6915 | D:8      | Found a sacrificial altar of Ru.
  6986 | D:8      | Reached skill level 10 in Ranged Weapons
  7130 | D:7      | Reached ** piety under Okawaru
  7361 | D:8      | Reached skill level 7 in Dodging
  7752 | D:9      | Noticed a cyclops
  7760 | D:9      | Killed a cyclops
  7761 | D:9      | Reached XP level 10. HP: 42/67 MP: 12/12
  7865 | D:9      | Noticed Erica
  7939 | D:9      | Reached *** piety under Okawaru
  8905 | D:9      | Noticed a kobold demonologist
  8916 | D:9      | Killed a kobold demonologist
  8916 | D:9      | Reached **** piety under Okawaru
  8997 | D:9      | Reached skill level 8 in Dodging
  9224 | D:10     | Entered Level 10 of the Dungeon
  9252 | D:10     | Reached skill level 5 in Invocations
  9326 | D:10     | Found a staircase to the Orcish Mines.
  9404 | D:10     | Noticed a gargoyle
  9459 | D:10     | Reached XP level 11. HP: 62/72 MP: 14/14
  9777 | D:10     | Identified the +0 quarterstaff of the Dark Horse {holy,
                  | rN+}
  9981 | D:10     | Noticed Urug
 10296 | Orc:1    | Entered Level 1 of the Orcish Mines
 10296 | Orc:1    | Noticed an orc warlord
 10714 | D:11     | Reached ***** piety under Okawaru
 10956 | D:11     | Found a staircase to the Lair.
 11226 | D:11     | Noticed Fannar
 11284 | D:11     | Killed Fannar
 11284 | D:11     | Received a gift from Okawaru
 11908 | D:11     | Reached skill level 9 in Dodging
 12362 | Lair:1   | Entered Level 1 of the Lair of Beasts
 12686 | Lair:1   | Reached XP level 12. HP: 74/78 MP: 16/16
 12812 | Lair:1   | Received a gift from Okawaru
 13451 | Lair:2   | Found a gate leading to a gauntlet.
 13460 | Gauntlet | Entered a Gauntlet
 13460 | Gauntlet | Noticed a death scarab
 13460 | Gauntlet | Found a transporter.
 13460 | Gauntlet | Found a transporter.
 13460 | Gauntlet | Found a transporter.
 13461 | Gauntlet | Found a transporter.
 13462 | Gauntlet | Found a transporter.
 13465 | Gauntlet | Found a transporter.
 13483 | Gauntlet | Found a transporter.
 13484 | Gauntlet | Found a transporter.
 13484 | Gauntlet | Found a transporter.
 13486 | Gauntlet | Found a transporter.
 13488 | Gauntlet | Noticed a catoblepas
 13499 | Gauntlet | Found a transporter.
 13500 | Gauntlet | Found a transporter.
 13980 | Gauntlet | Got the Precepts of Refulgent Lightning
 14017 | Gauntlet | Killed a catoblepas
 14017 | Gauntlet | Received a gift from Okawaru
 14065 | Gauntlet | Noticed a minotaur
 14088 | Gauntlet | Killed a minotaur
 14298 | Lair:2   | Reached skill level 10 in Dodging
 14981 | Lair:2   | Found a staircase to the Shoals.
 15578 | Lair:3   | Reached XP level 13. HP: 84/86 MP: 18/18
 15580 | Lair:3   | Found a hole to the Spider Nest.
 15719 | Lair:3   | Received a gift from Okawaru
 16111 | Lair:4   | Reached skill level 15 in Ranged Weapons
 16114 | Lair:4   | Reached skill level 11 in Dodging
 16233 | Lair:4   | Reached skill level 5 in Fighting
 17064 | Lair:5   | Entered Level 5 of the Lair of Beasts
 17134 | Lair:5   | Reached ****** piety under Okawaru
 17138 | Lair:5   | Acquired the +4 hand cannon "Goffi" {penet, rN+}
 17138 | Lair:5   | Received a gift from Okawaru
 17161 | Lair:5   | Acquired the +2 robe "Quymn" {Str+3}
 17161 | Lair:5   | Received a gift from Okawaru
 17180 | Lair:5   | Received a gift from Okawaru
 17220 | Lair:5   | Found a white marble altar of Elyvilon.
 17251 | Lair:5   | Found a transporter.
 17272 | Lair:5   | Noticed Lightli's ghost (journeyman DrFi)
 17401 | Lair:5   | Found a transporter.
 17512 | Lair:5   | Found a staircase to the Slime Pits.
 17611 | Lair:5   | Reached XP level 14. HP: 101/101 MP: 19/19
 17611 | Lair:5   | Acquired an experimental subsystem {rElec rF+ Regen+
                  | RegenMP+}
 17789 | Lair:5   | Reached skill level 12 in Dodging
 17875 | Lair:5   | Received a gift from Okawaru
 18170 | Lair:5   | Identified the +5 chain mail of the Sea {rN+ SInv}
 18175 | Lair:5   | Identified the ring of Wahoniq {AC+4 Str-3 Int+6}
 18580 | D:10     | Found a portal to a secret trove of treasure.
 18913 | D:12     | Received a gift from Okawaru
 19477 | D:13     | Noticed Rupert
 19489 | D:13     | Paralysed by Rupert for 4 turns
 19498 | D:13     | Killed Rupert
 19498 | D:13     | Received a gift from Okawaru
 19626 | D:13     | Noticed Nessos
 19637 | D:13     | Killed Nessos
 20275 | D:14     | Reached XP level 15. HP: 108/108 MP: 21/21
 20519 | D:14     | Received a gift from Okawaru
 20606 | D:14     | Found a shimmering blue altar of Sif Muna.
 20670 | D:14     | Found a gate to the Vaults.
 20725 | D:14     | Reached skill level 13 in Dodging
 21038 | D:15     | Entered Level 15 of the Dungeon
 21216 | D:15     | Found Usosuxet's Magic Scroll Boutique.
 21319 | D:15     | Found Onamnat's Assorted Antiques.
 21380 | D:15     | Received a gift from Okawaru
 21380 | D:15     | Noticed a frost giant
 21399 | D:15     | Killed a frost giant
 21511 | D:15     | Identified the +0 robe "Damnable Contraption" {Str+4}
 21602 | D:15     | Bought a scroll of teleportation for 60 gold pieces
 21602 | D:15     | Bought a scroll of teleportation for 60 gold pieces
 21918 | D:15     | Found a staircase to the Depths.
 21962 | D:15     | Bought a scroll of identify for 62 gold pieces
 21962 | D:15     | Bought a scroll of identify for 62 gold pieces
 21964 | D:15     | Bought a scroll of revelation for 232 gold pieces
 22300 | Spider:1 | Entered Level 1 of the Spider Nest
 22302 | Spider:1 | Noticed an emperor scorpion
 22411 | Lair:3   | Killed an emperor scorpion
 22412 | Lair:3   | Reached skill level 1 in Evocations
 22466 | Shoals:1 | Entered Level 1 of the Shoals
 22634 | D:9      | Received a gift from Okawaru
 22678 | D:9      | Killed Erica
 22750 | D:10     | Killed an orc warlord
 22896 | Orc:2    | Entered Level 2 of the Orcish Mines
 22934 | Orc:2    | Found a roughly hewn altar of Beogh.
 22957 | Orc:2    | Found a staircase to the Elven Halls.
 23239 | Orc:2    | Found a roughly hewn altar of Beogh.
 23294 | Orc:2    | Found a roughly hewn altar of Beogh.
 23425 | Orc:2    | Found a roughly hewn altar of Beogh.
 23578 | Orc:2    | Found a roughly hewn altar of Beogh.
 23639 | Orc:2    | Found a roughly hewn altar of Beogh.
 23648 | Orc:2    | Found Dutusan's Antique Armour Boutique.
 23655 | Orc:2    | Bought an embroidered scarf for 224 gold pieces
 23772 | Orc:2    | Found a roughly hewn altar of Beogh.
 23792 | Orc:2    | Found Boluf's Antique Weapon Boutique.
 23955 | Orc:2    | Noticed an orc warlord
 23963 | Orc:2    | Killed an orc warlord
 23978 | Orc:2    | Found Waczis's Antique Weapon Shop.
 23981 | Orc:2    | Found Ucweos's Antique Armour Boutique.
 23982 | Orc:2    | Found a roughly hewn altar of Beogh.
 23996 | Orc:2    | Bought a scorched ring mail for 216 gold pieces
 23996 | Orc:2    | Identified the +1 ring mail of Forking Paths {rC++} (You
                  | bought it in a shop on level 2 of the Orcish Mines)
 23996 | Orc:2    | Bought a pair of embroidered boots for 180 gold pieces
 24075 | Orc:2    | Bought a runed leather armour for 140 gold pieces
 24075 | Orc:2    | Bought a runed cloak for 210 gold pieces
 24075 | Orc:2    | Bought a runed robe for 103 gold pieces
 24133 | Orc:1    | Received a gift from Okawaru
 24168 | Orc:1    | Found Adea's Jewellery Emporium.
 24278 | Orc:1    | Found a roughly hewn altar of Beogh.
 24480 | Lair:2   | Reached XP level 16. HP: 63/118 MP: 23/23
 24533 | Shoals:1 | Reached skill level 14 in Dodging
 24779 | Shoals:1 | Noticed a kraken
 24786 | Shoals:1 | Killed a kraken
 24974 | Shoals:1 | Reached skill level 5 in Evocations
 24986 | Shoals:1 | Noticed Frances
 24991 | Shoals:1 | Killed Frances
 25081 | Shoals:1 | Received a gift from Okawaru
 25831 | Shoals:2 | Identified the +3 leather armour of the Baku {rF+}
 25872 | Shoals:2 | Reached skill level 10 in Fighting
 26006 | Shoals:2 | Noticed a kraken
 26016 | Shoals:2 | Killed a kraken
 26069 | Shoals:2 | Noticed a kraken
 26080 | Shoals:2 | Killed a kraken
 26240 | Shoals:2 | Reached skill level 15 in Dodging
 26245 | Shoals:2 | Received a gift from Okawaru
 26831 | Shoals:3 | Reached XP level 17. HP: 115/131 MP: 24/24
 26925 | Shoals:3 | Received a gift from Okawaru
 27205 | Shoals:3 | Reached skill level 10 in Evocations
 27205 | Shoals:3 | Reached XP level 18. HP: 138/138 MP: 25/25
 27573 | Shoals:4 | Entered Level 4 of the Shoals
 27582 | Shoals:4 | Identified the ring of Wishful Thinking {rPois rN+ Int+6}
 27913 | Shoals:4 | Reached skill level 1 in Armour
 27934 | Shoals:4 | Paralysed by an air elemental for 1 turns
 27936 | Shoals:4 | Received a gift from Okawaru
 28015 | Shoals:4 | Found a sacrificial altar of Ru.
 28083 | Shoals:4 | Reached skill level 16 in Dodging
 28314 | Shoals:4 | Received a gift from Okawaru
 28413 | Shoals:4 | Noticed Polyphemus
 28438 | Shoals:4 | Killed Polyphemus
 28582 | Shoals:4 | Identified the +2 plate armour "Segaetad" {Harm rC+ Str+3}
 28584 | Shoals:4 | Got a barnacled rune of Zot
 28663 | Shoals:4 | Identified the amulet "Zoshre Kuxui" {Fly RegenMP+ Dex+4}
 29042 | Spider:1 | Received a gift from Okawaru
 29906 | Spider:2 | Reached XP level 19. HP: 150/150 MP: 26/26
 30298 | Spider:2 | Received a gift from Okawaru
 30474 | Arena    | Entered the Arena
 30814 | Spider:3 | Reached skill level 17 in Dodging
 30844 | Arena    | Entered the Arena
 30885 | Spider:3 | Reached skill level 5 in Armour
 30961 | Spider:3 | Received a gift from Okawaru
 31095 | Spider:3 | Found a runed translucent gate.
 31095 | Spider:3 | Found a runed translucent gate.
 31095 | Spider:3 | Found a runed translucent gate.
 31098 | Spider:3 | Noticed BubbleThief's ghost (adept SpHs)
 31246 | Spider:3 | Got the Meditations on Translocational Carrion
 31332 | Spider:4 | Entered Level 4 of the Spider Nest
 31457 | Spider:4 | Noticed Bai Suzhen
 31730 | Spider:4 | Killed Bai Suzhen
 31740 | Arena    | Entered the Arena
 31961 | Spider:4 | Received a gift from Okawaru
 32395 | Spider:4 | Reached skill level 15 in Fighting
 32404 | Spider:4 | Noticed Arachne
 32951 | Vaults:1 | Entered Level 1 of the Vaults
 32959 | Vaults:1 | Paralysed by a formless jellyfish for 1 turns
 33041 | Vaults:1 | Reached skill level 18 in Dodging
 33388 | Vaults:1 | Noticed Asterion
 33393 | Vaults:1 | Killed Asterion
 33394 | Vaults:1 | Reached XP level 20. HP: 111/162 MP: 27/27
 33492 | Vaults:1 | Received a gift from Okawaru
 34120 | Vaults:1 | Reached skill level 10 in Invocations
 34375 | Vaults:2 | You are sucked into a shaft and drop 2 floors!
 34488 | Vaults:3 | Received a gift from Okawaru
 34718 | Vaults:3 | Reached skill level 19 in Dodging
 35330 | Vaults:2 | Received a gift from Okawaru
 35809 | Vaults:2 | Noticed Saint Roka
 36090 | Vaults:2 | Reached XP level 21. HP: 165/169 MP: 29/29
 36130 | Vaults:2 | Killed Saint Roka
 36491 | Vaults:3 | Found a staircase to the Crypt.
 36491 | Vaults:3 | Found a basalt altar of Yredelemnul.
 36492 | Vaults:3 | Found an ancient bone altar of Kikubaaqudgha.
 36535 | Vaults:3 | Received a gift from Okawaru
 36629 | Vaults:3 | Reached skill level 20 in Dodging
 37202 | Vaults:4 | Noticed Xtahua
 37208 | Vaults:4 | Paralysed by Xtahua for 3 turns
 37217 | Vaults:4 | Killed Xtahua
 37222 | Vaults:4 | Received a gift from Okawaru
 37415 | Vaults:4 | Found Hus Pyrch's Distillery.
 37418 | Vaults:4 | Bought a potion of resistance for 140 gold pieces
 37480 | Vaults:4 | Noticed Margery
 37510 | Arena    | Entered the Arena
 37765 | Vaults:4 | Learned a level 2 spell: Blink
 37770 | Vaults:4 | Learned a level 4 spell: Passage of Golubria
 37775 | Vaults:4 | Learned a level 4 spell: Dimensional Bullseye
 37896 | Vaults:4 | Reached skill level 1 in Translocations
 38122 | Arena    | Entered the Arena
 38238 | Vaults:4 | Killed Margery
 38729 | Elf:1    | Entered Level 1 of the Elven Halls
 38803 | Elf:1    | Found a blossoming altar of Fedhas.
 38819 | Elf:1    | Noticed Nikola
 38833 | Elf:1    | Killed Nikola
 39001 | Elf:1    | Received a gift from Okawaru
 39305 | Elf:1    | Reached skill level 5 in Translocations
 39549 | Elf:2    | Found a runed translucent gate.
 39549 | Elf:2    | Found a runed translucent gate.
 39549 | Elf:2    | Found a runed translucent gate.
 39654 | Elf:2    | Found a magical portal.
 39659 | WizLab   | Entered Doroklohe's Tomb
 39895 | WizLab   | Found the +5 robe of Night {Dark Will+ SInv}
 39903 | WizLab   | Reached XP level 22. HP: 132/180 MP: 30/30
 40052 | Elf:2    | Noticed Agnes
 40058 | Elf:2    | Killed Agnes
 40080 | Elf:2    | Reached skill level 21 in Dodging
 40092 | Elf:2    | Found a runed translucent gate.
 40093 | Elf:2    | Found a runed translucent gate.
 40093 | Elf:2    | Found a runed translucent gate.
 40110 | Elf:2    | Found Qyfueno's General Store.
 40148 | Elf:2    | Bought a scroll of fog for 60 gold pieces
 40382 | Elf:2    | Received a gift from Okawaru
 40754 | Elf:2    | Noticed Rallik's ghost (adept TrSh)
 40757 | Elf:2    | Found a viscous altar of Jiyva.
 40778 | Elf:2    | Killed Rallik's ghost
 40857 | Elf:2    | Identified the +0 helmet of Asceticism {rF++ rC- Dex+4
                  | Stlth+}
 41045 | Elf:2    | Noticed Jorgrun
 41049 | Elf:2    | Killed Jorgrun
 41327 | Elf:3    | Entered Level 3 of the Elven Halls
 41349 | Elf:3    | Found a glacial archway.
 41371 | IceCv    | Entered an ice cave
 41391 | IceCv    | Received a gift from Okawaru
 41628 | IceCv    | Found a viscous altar of Jiyva.
 41645 | IceCv    | Identified the +0 pair of gloves of Recklessness {*Slow
                  | rC++ Slay+3 SInv}
 41648 | IceCv    | Identified the +1 helmet of Boredom {rPois Regen+}
 42049 | Elf:3    | Found Push's Specific Store.
 42051 | Elf:3    | Found Xegetsuxt's General Store.
 42056 | Elf:3    | Bought a potion of curing for 63 gold pieces
 42056 | Elf:3    | Bought a potion of resistance for 210 gold pieces
 42056 | Elf:3    | Bought a potion of heal wounds for 105 gold pieces
 42699 | Elf:3    | Got the Directory of the Griffon
 42710 | Elf:3    | Got the Spellbook of Fever
 42982 | Elf:3    | Identified the +1 lajatang of Hepliaklqana's Wrath {elec,
                  | rPois rF+ Int+4}
 42982 | Elf:3    | Identified the ring "Inniul" {rElec Will+ AC+4 Dex-4 SInv}
 43119 | Elf:3    | Received a gift from Okawaru
 43204 | Elf:3    | Identified the staff "Reif" {rElec Int+3 SInv Air}
 43205 | Elf:3    | Identified the +9 broad axe of the Burning Scorpion {drain,
                  | ^Contam Fly Str+3 Int+4}
 43210 | Elf:3    | Identified the +4 falchion "Witesip" {flame, MP-9 Str+5}
 43214 | Elf:3    | Identified the +3 whip of Koiz {spect, rCorr Dex+3}
 43330 | Elf:3    | Identified the +0 halberd "Unuad" {drain, rCorr Str-2 Dex+2
                  | SInv}
 43335 | Elf:3    | Identified the +4 shortbow "Odwesch" {heavy, *Corrode rElec
                  | rC+++}
 43341 | Elf:3    | Identified the ring "Liyvom" {Will+ rCorr Int-3 Stlth+}
 43380 | Elf:3    | Identified the +3 plate armour of Gozag's Supremacy {-Cast
                  | Rampage Fly}
 43866 | Spider:4 | Killed Arachne
 43973 | Spider:4 | Got a gossamer rune of Zot
 44352 | Depths:1 | Entered Level 1 of the Depths
 44390 | Depths:1 | Found a gateway to Hell.
 44437 | Depths:1 | Found a hide-covered altar of Uskayaw.
 44487 | Depths:1 | Reached skill level 10 in Translocations
 44531 | Depths:1 | Reached XP level 23. HP: 188/188 MP: 31/31
 44536 | Depths:1 | Found a blossoming altar of Fedhas.
 44552 | Depths:1 | Reached skill level 22 in Dodging
 44621 | Depths:1 | Identified the +0 great sword of Xutuvupn {drain, ^Drain
                  | rElec rC+ rN+++}
 44626 | Depths:1 | Identified the +10 plate armour "Omenitag" {Harm Stlth+}
 44940 | Depths:1 | Found a one-way gate leading to the halls of Pandemonium.
 45422 | Depths:2 | Received a gift from Okawaru
 45426 | Depths:2 | Noticed an ancient lich
 45439 | Depths:2 | Killed an ancient lich
 45487 | Depths:2 | Noticed a caustic shrike
 45497 | Depths:2 | Killed a caustic shrike
 45674 | Depths:2 | Noticed a caustic shrike
 45680 | Depths:2 | Killed a caustic shrike
 45789 | Depths:2 | Received a gift from Okawaru
 46008 | Depths:2 | Noticed a caustic shrike
 46014 | Depths:2 | Killed a caustic shrike
 46015 | Depths:2 | Reached skill level 1 in Hexes
 46031 | Depths:2 | Received a gift from Okawaru
 46443 | Depths:3 | Found a one-way gate to the infinite horrors of the Abyss.
 46555 | Depths:3 | Reached XP level 24. HP: 198/198 MP: 31/31
 46622 | Depths:3 | Reached skill level 23 in Dodging
 46649 | Depths:3 | Noticed Jory
 46657 | Depths:3 | Killed Jory
 47153 | Depths:3 | Received a gift from Okawaru
 47450 | Depths:3 | Found an ancient bone altar of Kikubaaqudgha.
 47459 | Depths:3 | Identified the +3 double sword of Precise Incision {spect,
                  | rC+}
 47472 | Depths:3 | Got the Directory of the Arsonist and Last Rites
 47649 | Depths:4 | Entered Level 4 of the Depths
 47649 | Depths:4 | Noticed a caustic shrike
 47649 | Depths:4 | Noticed a caustic shrike
 47650 | Depths:4 | Noticed a caustic shrike
 47651 | Depths:4 | Noticed a caustic shrike
 47655 | Depths:3 | Killed a caustic shrike
 47715 | Depths:3 | Killed a caustic shrike
 47746 | Depths:3 | Killed a caustic shrike
 47818 | Depths:3 | Killed a caustic shrike
 47897 | Arena    | Entered the Arena
 47904 | Arena    | Reached skill level 5 in Hexes
 47978 | Depths:4 | Received a gift from Okawaru
 48142 | Depths:4 | Found a one-way gateway to a ziggurat.
 48258 | Depths:4 | Reached skill level 10 in Armour
 48328 | Depths:4 | Received a gift from Okawaru
 48546 | Depths:4 | Found a gate to the Realm of Zot.
 49066 | Slime:1  | Entered Level 1 of the Pits of Slime
 49075 | Slime:2  | Gained mutation: You are dopey. (Int -2) [a shining eye]
 49164 | Slime:3  | Reached XP level 25. HP: 207/207 MP: 31/31
 49171 | Slime:3  | Reached skill level 24 in Dodging
 49203 | Slime:5  | Entered Level 5 of the Pits of Slime
 49260 | Slime:5  | Received a gift from Okawaru
 49286 | Slime:5  | Found a viscous altar of Jiyva.
 49286 | Slime:5  | Noticed the Royal Jelly
 49329 | Slime:5  | Killed the Royal Jelly
 49527 | Slime:5  | Got the Papyrus of the Blind Marksman
 49553 | Slime:5  | Identified the +2 cloak of Gestures {rElec Int+5}
 49574 | Slime:5  | Got a slimy rune of Zot
 49579 | Slime:5  | Got a starry gem with 103 turns to spare
 49999 | Zot:1    | Entered Level 1 of the Realm of Zot
 50020 | Arena    | Entered the Arena
 50100 | Zot:1    | Received a gift from Okawaru
 50710 | Zot:3    | Noticed an orb of fire
 50880 | Zot:3    | Killed an orb of fire
 50880 | Zot:3    | Received a gift from Okawaru
 50891 | Arena    | Entered the Arena
 51025 | Zot:3    | Identified the +0 leather armour "Xeacocs" {rPois Int+3}
 51187 | Zot:5    | Entered Level 5 of the Realm of Zot
 51527 | Zot:4    | Received a gift from Okawaru
 51685 | Zot:4    | Reached XP level 26. HP: 211/212 MP: 31/31
 52077 | Zot:5    | Reached skill level 25 in Dodging
 52401 | Zot:5    | Noticed an ancient lich
 52404 | Zot:5    | Killed an ancient lich
 52461 | Zot:5    | Noticed a Killer Klown
 52464 | Zot:5    | Noticed an orb of fire
 52475 | Zot:5    | Noticed a Killer Klown
 52476 | Zot:5    | Killed an orb of fire
 52483 | Zot:5    | Noticed a dread lich
 52489 | Zot:5    | Killed a Killer Klown
 52497 | Zot:5    | Killed a dread lich
 52545 | Zot:5    | Received a gift from Okawaru
 52721 | Zot:5    | Got the Orb of Zot
 52815 | Zot:3    | Noticed a seraph
 52991 | D:15     | Noticed Lirryxtu the pandemonium lord
 53058 | D:12     | Noticed Wixobebo the pandemonium lord
 53086 | D:10     | Killed Urug
 53259 | D:$      | Escaped with the Orb!

Illustrated notes

Levels and vault maps discovered:
D:1:      dpeg_arrival_brainrot, layout_basic
D:2:      layout_basic, dreamdust_ecumenical_altar_angels_and_demons
D:3:      layout_basic, minmay_snake_closets
D:4:      layout_loops_corners, cheibrodos_ashenzari_chains
D:5:      layout_gridville
D:6:      layout_rooms, marbit_many_paths, temple_doors_e
D:7:      layout_loops_ring, gammafunk_ghost_cemetery, minivault_25,
          minmay_circle_x
D:8:      layout_basic, amethyst_overflow_temple_binary
D:9:      layout_basic, nicolae_looking_at_the_future, uniq_erica
D:10:     layout_gridville, erik_orc_4, trove_entry_hex_spiral, minivault_25,
          uniq_urug
D:11:     layout_roguey, due_lair_maze_entry_diamond,
          chequers_serial_rivers_small_3, uniq_fannar
D:12:     layout_rooms
D:13:     layout_grid_maze, uniq_nessos, uniq_rupert
D:14:     layout_basic, david_vaults_2, minmay_splitting_lines,
          lemuel_blue_sif_altar
D:15:     grunt_enter_depths_snipers, layout_basic, serial_shops,
          nicolae_shop_getting_attention, shop, nicolae_figureground_pulse,
          nicolae_splish_splash
Temple:   mainiacjoe_temple_bowtie_tessellation
Lair:1:   layout_concentric_octagons, serial_bayou_pond_a, roderic_batcave,
          grunt_megastairs_5
Lair:2:   layout_regular_city, elwin_shoals_entry_stream,
          gauntlet_entry_generic, serial_bayou_pond_a
Lair:3:   layout_misc_corridors, spider_nest_entry_funnel_web,
          chequers_serial_rivers_micro_d, grunt_megastairs_2,
          serial_bayou_shore_a, infiniplex_staircase_pool_2
Lair:4:   layout_concentric_octagons, minivault_25, grunt_megastairs_3
Lair:5:   grunt_lair_end_beastmaster, layout_cave_pods,
          dpeg_slime_entry_enclosed, gammafunk_ghost_wrathful_warriors,
          basic_altar, nicolae_quartered_pool_medium
Shoals:1: layout_shoals, nicolae_shoals_seven_spires,
          nicolae_shoals_lost_giant_pillars, hangedman_shoal_volcano,
          uniq_frances
Shoals:2: layout_shoals, nicolae_shoals_bring_sunscreen
Shoals:3: layout_shoals
Shoals:4: shoals_end_hellmonk_storm_palace [storm_palace_center_ruins,
          storm_palace_corner_narrow, storm_palace_corner_blocked,
          storm_palace_corner_altar, storm_palace_corner_narrow],
          uniq_polyphemus
Spider:1: layout_spider_delve
Spider:2: layout_spider_delve, drop_trap
Spider:3: layout_spider_delve, gammafunk_ghost_tricky_traps,
          nicolae_spider_acid_house
Spider:4: grunt_spider_rune_parallel, uniq_bai_suzhen, uniq_arachne
Slime:1:  layout_caves, cheibrodos_slime_lost_civilization_7
Slime:2:  layout_caves, basic_altar, uniq_dissolution
Slime:3:  layout_caves
Slime:4:  layout_caves
Slime:5:  slime_pit_nicolae_block_by_block
Orc:1:    layout_diamond_mine, serial_shops, nicolae_shop_gaudy_bauble,
          minmay_orc_temple_a
Orc:2:    grunt_orc_community_town_hall, layout_diamond_mine,
          grunt_orc_community_big_house_2, grunt_orc_community_big_house_2,
          grunt_orc_community_house_1, grunt_orc_community_house_1,
          grunt_orc_community_house_3, grunt_orc_community_house_2,
          grunt_orc_community_house_3
Elf:1:    minmay_the_grid_four_pointed_star
          [minmay_the_grid_triangle_9x9_longest,
          minmay_the_grid_triangle_9x9_wacky_v,
          minmay_the_grid_triangle_9x9_shrine,
          minmay_the_grid_triangle_9x9_negative_grid,
          minmay_the_grid_prize_diamond_cup], layout_gridlike,
          hangedman_elf_disciples, uniq_nikola
Elf:2:    nicolae_elf_blades_crystal_corner, layout_loops_corners,
          gammafunk_ghost_ooze, serial_shops, shop, mu_enter_wizlab_2,
          uniq_jorgrun, uniq_agnes
Elf:3:    grunt_elf_hall_branching, layout_onion_city,
          portal_ice_cave_entry_dragon, nicolae_specific_store,
          nicolae_elf_elemental_lessons
Vaults:1: nicolae_vaults_circle_grid_a, ontoclasm_vaults_bender,
          vaults_room_grunt_arrival_ludios, nicolae_vaults_sightless_eye,
          nicolae_vaults_little_squares_4, v_misc_33,
          nicolae_vaults_little_squares_3, v_misc_30,
          nicolae_vaults_weapon_check, vaults_dpeg_ring, vaults_room_pool,
          v_misc_3, hangedman_vaults_stretched_pinwheel, layout_vaults_ring,
          uniq_asterion
Vaults:2: v_rooms_1, nicolae_vaults_closet_pinwheel_5, grunt_vaults_bifocal,
          nicolae_vaults_oval_intersection, grunt_vaults_focal,
          vaults_room_corners, nicolae_vaults_wine_cellar,
          layout_vaults_quadrants, uniq_saint_roka
Vaults:3: minmay_crypt_entry_necro_gods, ontoclasm_vaults_ring_small,
          nicolae_vaults_off_center_swirl, v_rooms_4, v_misc_26,
          vaults_mumra_minichess_inversion, v_misc_16,
          nicolae_vaults_circle_grid_a, nicolae_vaults_big_ls,
          hangedman_vaults_slice, hangedman_vaults_pinch,
          nicolae_vaults_tetromino_T_2, ontoclasm_vaults_pinch,
          layout_vaults_omnibox
Vaults:4: nicolae_vaults_tangram_1, v_misc_33, nicolae_vaults_trapezoid_layered,
          ontoclasm_vaults_fault, nicolae_vaults_lightning_bolt,
          nicolae_vaults_apartment_1, vaults_standard_mumra_enter_the_diamond,
          grunt_vaults_hallway_short, nicolae_vaults_octagons,
          ontoclasm_vaults_eye, nicolae_vaults_ring_of_whatevers,
          layout_vaults_maze_snakey, serial_shops, nicolae_shop_real_fake_doors,
          uniq_xtahua, uniq_margery
Depths:1: layout_long_grid, grunt_pan_entry_zigzag, fedhas_altar_1, hell_entry,
          kennysheep_another_room, nicolae_uskayaw_murder_on_the_dancefloor
Depths:2: hangedman_pleasuredromes, pan_entry, hell_entry
Depths:3: lemuel_vampire_tower, layout_gridlike, abyss_entry,
          grunt_hell_entry_dis_old, nrook_loot_triangle,
          minmay_stone_trees_medium, serial_sigils_hangedman_quiver,
          serial_bayou_shore_b
Depths:4: grunt_zot_entry_pinwheel, layout_cave_pools, enter_ziggurat_d,
          pf_hell_entry_great_geh, minmay_shattered_shrine
Zot:1:    layout_misc_corridors
Zot:2:    hellmonk_paralyzer, layout_misc_corridors,
          regret_index_zotdec_bone_old
Zot:3:    layout_cathedral_of_symmetry, regret_index_zotdec_fiery_em, uniq_vv
Zot:4:    layout_gridlike
Zot:5:    layout_gridlike

Skill      XL: |  1  2  3  4  5  6  7  8  9 10 11 12 13 14 15 16 17 18 19 20 21 22 23 24 25 26 |
---------------+-------------------------------------------------------------------------------+-----
Dodging        | 2 3 4 6 7 8 9 10 11 12 13 15 16 18 19 20 21 22 23 24 25 | 25.5
Ranged Weapons | 4 5 6 7 9 10 11 13 14 15 17 18 | 18.0
Invocations    | 1 3 5 6 7 8 9 11 | 11.6
Fighting       | 3 6 7 8 11 13 15 16 17 18 19 20 | 20.4
Evocations     | 3 7 10 11 | 11.0
Armour         | 4 7 8 10 11 12 | 12.4
Translocations | 5 10 12 | 12.0
Hexes          | 2 6 8 9 |  9.6
Stealth        | |  0.7

Action                     |  1- 3 |  4- 6 |  7- 9 | 10-12 | 13-15 | 16-18 | 19-21 | 22-24 | 25-27 || total
---------------------------+-------+-------+-------+-------+-------+-------+-------+-------+-------++-------
  Melee: Hand cannon       |       |       |       |       |       |       |     4 |     2 |       ||     6
   Fire: Sling             |   160 |   326 |   868 |  1812 |  1347 |       |       |       |       ||  4513
         Hand cannon       |       |       |       |       |   931 |  1252 |  2210 |  2284 |  1198 ||  7875
  Throw: Dart              |       |       |       |       |     2 |       |       |       |       ||     2
   Cast: Blink             |       |       |       |       |       |       |       |     5 |     1 ||     6
         Passage of Golubr |       |       |       |       |       |       |       |     1 |       ||     1
 Invoke: Heroism           |       |       |       |     8 |     8 |     6 |     7 |     7 |     4 ||    40
         Finesse           |       |       |       |     2 |     1 |     1 |     1 |     1 |     2 ||     8
         Receive Weapon    |       |       |       |       |     1 |       |       |       |       ||     1
         Receive Armour    |       |       |       |       |     1 |       |       |       |       ||     1
         Duel              |       |       |       |       |       |       |     5 |     1 |     2 ||     8
Ability: Invent Gizmo      |       |       |       |       |     1 |       |       |       |       ||     1
  Evoke: Wand              |       |       |     6 |       |     4 |       |       |       |     1 ||    11
    Use: Potion            |       |       |     3 |     5 |     6 |     1 |     4 |     5 |     5 ||    29
         Scroll            |       |       |    14 |    14 |    11 |     4 |    12 |     8 |    11 ||    74
 Armour: Leather armour    |     6 |    27 |    75 |    54 |    11 |   194 |    46 |   295 |   266 ||   974
         Skin              |       |       |    22 |       |       |       |       |       |       ||    22
         Robe              |       |       |       |    83 |       |     2 |       |       |       ||    85
         Troll leather arm |       |       |       |    71 |   325 |       |       |       |       ||   396
         Acid dragon scale |       |       |       |       |       |       |   135 |       |       ||   135
         Ring mail         |       |       |       |       |       |       |   216 |    11 |       ||   227
  Dodge: Dodged            |     8 |    30 |   106 |   354 |   562 |   375 |   712 |   797 |   630 ||  3574

Table legend: (Time is in decaauts)
 A = Elapsed time spent in this place.
 B = Non-inter-level travel time spent in this place.
 C = Inter-level travel time spent in this place.
 D = Time resting spent in this place.
 E = Time spent auto-exploring this place.
 F = Levels seen in this place.
 G = Mean time per level.
                   A        B        C        D        E       F      G
               +--------+--------+--------+--------+--------+-----+--------+
         Total |  53308 |  47390 |   5918 |   1547 |  33600 |  63 |  846.2 |
       Dungeon |  17414 |  14933 |   2481 |    424 |  11458 |  15 | 1160.9 |
        Temple |     52 |      2 |     50 |      0 |      0 |   1 |   52.0 |
          Lair |   6120 |   5048 |   1072 |     42 |   3760 |   5 | 1224.0 |
        Shoals |   4309 |   3941 |    368 |     35 |   2945 |   4 | 1077.2 |
   Spider Nest |   4261 |   3752 |    509 |    206 |   2500 |   4 | 1065.2 |
    Slime Pits |    627 |    555 |     72 |     57 |     42 |   5 |  125.4 |
  Orcish Mines |   1662 |   1423 |    239 |      0 |   1019 |   2 |  831.0 |
   Elven Halls |   4130 |   3902 |    228 |    171 |   2765 |   3 | 1376.7 |
        Vaults |   5697 |   5354 |    343 |    143 |   4107 |   4 | 1424.2 |
        Depths |   4883 |   4492 |    391 |     65 |   3152 |   4 | 1220.8 |
           Zot |   2599 |   2438 |    161 |    159 |   1257 |   5 |  519.8 |
      Ice Cave |    451 |    451 |      0 |      0 |    230 |   1 |  451.0 |
        Wizlab |    253 |    253 |      0 |     49 |    127 |   1 |  253.0 |
      Gauntlet |    704 |    704 |      0 |    135 |    236 |   1 |  704.0 |
         Arena |    140 |    140 |      0 |     58 |      0 |   8 |   17.5 |
               +--------+--------+--------+--------+--------+-----+--------+

Top non-repeatable levels by time:
    D:11: 2109 daAuts
    D:10: 2098 daAuts
     D:9: 1740 daAuts
   Elf:3: 1708 daAuts
Depths:3: 1628 daAuts
Vaults:2: 1565 daAuts
   Elf:2: 1554 daAuts
Vaults:1: 1460 daAuts
Spider:4: 1460 daAuts
  Lair:1: 1418 daAuts
     D:7: 1411 daAuts
Vaults:3: 1352 daAuts
   Orc:2: 1335 daAuts
Vaults:4: 1318 daAuts
Shoals:1: 1290 daAuts
